 Dungeon Crawl Stone Soup version 0.29.0-4-gdea44cf6ec (webtiles) character file.

Game seed: 18049273943321826719

13359 qw the Severer (level 11, -3/99 HPs)
             Began as a Minotaur Berserker on Sept 9, 2022.
             Was an Elder of Trog.
             Slain by a boulder beetle (48 damage)
             ... on level 11 of the Dungeon.
             The game lasted 00:05:45 (12513 turns).

qw the Severer (Minotaur Berserker)                Turns: 12513, Time: 00:05:45

Health: -3/99      AC: 33    Str: 25    XL:     11   Next: 74%
Magic:  10/10      EV:  6    Int:  9    God:    Trog [****..]
Gold:   578        SH:  0    Dex: 14    Spells: 10/10 levels left

rFire   . . .      SeeInvis +   Y - +1 war axe
rCold   . . .      Faith    .   (no shield)
rNeg    . . .      Spirit   .   b - +4 crystal plate armour
rPois   +          Reflect  .   e - +0 hat of the Lich-sworn {+Inv SInv}
rElec   .          Harm     .   m - +1 cloak
rCorr   .          Rampage  .   o - +0 pair of gloves
Will    .....                   h - +2 pair of boots
Stlth   ..........              (no amulet)
HPRegen 0.26/turn               i - ring of poison resistance
MPRegen 0.12/turn               d - +6 ring of intelligence

@: on berserk cooldown, slowed, unable to read, very slow
A: horns 2, retaliatory headbutt, beak, agile 1, inability to read after injury
1
a: Renounce Religion, Evoke Invisibility, Berserk, Trog's Hand, Brothers in Arms


You were on level 11 of the Dungeon.
You worshipped Trog.
Trog was greatly pleased with you.
You visited 1 branch of the dungeon, and saw 11 of its levels.

You collected 716 gold pieces.
You spent 138 gold pieces at shops.


Innate Abilities, Weirdness & Mutations

You have a pair of horns on your head.
You reflexively headbutt those who attack you in melee.
You have a beak for a mouth.
You are agile. (Dex +4, Str/Int -1)
You occasionally lose the ability to read scrolls when taking damage.


   Skills:
 - Level 10.0 Fighting
 - Level 16.0 Axes
 - Level 4.1 Throwing
 - Level 12.2 Armour
 + Level 3.6 Dodging


You had 10 spell levels left.
You didn't know any spells.
Your spell library was empty.

Inventory:

Hand Weapons
 a - a +4 morningstar of freezing
 Y - a +1 war axe (weapon)
Missiles
 k - 8 boomerangs
 l - a silver boomerang (quivered)
Armour
 b - a +4 crystal plate armour (worn)
 e - the +0 hat of the Lich-sworn (worn) {+Inv SInv}
   (You acquired it on level 5 of the Dungeon)

   SInv:      It lets you see invisible.
   +Inv:      It lets you turn invisible.
 h - a +2 pair of boots (worn)
 m - a +1 cloak (worn)
 o - a +0 pair of gloves (worn)
Jewellery
 d - a +6 ring of intelligence (right hand)
 i - a ring of poison resistance (left hand)
Scrolls
 p - 5 scrolls of identify
 q - a scroll of silence {unknown}
 r - a scroll of teleportation
 s - a scroll of amnesia {unknown}
 t - a scroll of blinking {unknown}
 u - a scroll of poison {unknown}
Potions
 c - 2 potions of haste
 f - 6 potions of curing
 g - 8 potions of heal wounds
 j - 2 potions of might

Dungeon Overview and Level Annotations

Branches:
Dungeon (11/15)            Temple (0/1) D:6            Lair (0/5) D:11
    Orc (0/2) D:9

Altars:
Ashenzari
Hepliaklqana
Qazlal
Yredelemnul
The Shining One

Shops:
D:10 ?

Portals:
Trove: D:11 (give 2 scrolls of acquirement)

Annotations:
D:6 1 runed translucent door, Crazy Yiuf


Message History

The boulder beetle curls into a ball and begins rolling!
Throw: boomerang (silver)
Press: ? - help, Q - select action, (/) - cycle Shift-Dir - straight line, f/p - boulder beetle You throw a silver boomerang.
The silver boomerang hits the boulder beetle but does no damage.
The boulder beetle is moderately wounded.
Throw: boomerang (silver)
Press: ? - help, Q - select action, (/) - cycle Shift-Dir - straight line, f/p - boulder beetle You throw a silver boomerang.
The silver boomerang completely misses the boulder beetle.
The boulder beetle hits you!!
The boulder beetle stops rolling and uncurls.
You hit the boulder beetle but do no damage.
You headbutt the boulder beetle, but do no damage.
The boulder beetle is moderately wounded.
The boulder beetle barely misses you. You furiously retaliate!
You headbutt the boulder beetle. You slash the boulder beetle!
You peck the boulder beetle, but do no damage.
The boulder beetle is heavily wounded.
The boulder beetle bites you!
You slice the boulder beetle!!
You headbutt the boulder beetle, but do no damage.
The boulder beetle is almost dead.
The boulder beetle bites you but does no damage.
You hit the boulder beetle but do no damage.
You peck the boulder beetle, but do no damage.
The boulder beetle is severely wounded.
The boulder beetle leaps!
You start resting.
A boulder beetle is nearby!
Throw: boomerang (silver)
Press: ? - help, Q - select action, (/) - cycle Shift-Dir - straight line, f/p - boulder beetle You throw a silver boomerang.
The silver boomerang hits the boulder beetle but does no damage.
The boulder beetle is severely wounded.
The boulder beetle curls into a ball and begins rolling!
The boulder beetle hits you!!!
You feel threatened and lose the ability to read scrolls!
You die...

#...#~#~~###....####
#...#~~~~~ #..#.#
#.. #~#~~#~~#.# # ##
#~~~~~~~~#.#
.~~#~~~#~~#.# # .#
~~~~~~##.#.#
~#~~~~....#
#~~###..### ##B@..#
...000...$######
..#............#
.<([.#.#######.#
#...... #.# .......
#.# ##..### #.# #.
##.## ##.. ##...##


You could see a boulder beetle (rolling).

Vanquished Creatures
  A hydra (D:11)
  A boulder beetle (D:11)
  A two-headed ogre (D:9)
  Urug (D:10)
  Pikel (D:6)
  An ugly thing (D:11)
  2 cyclopes (D:11)
  A gargoyle (D:11)
  2 komodo dragons (D:11)
  3 kobold demonologists
  2 trolls
  A hornet (D:10)
  3 shadows
  2 wyverns
  5 yaks (D:11)
  A wraith (D:11)
  Grum (D:11)
  2 steam dragons
  2 water moccasins (D:5)
  4 orc warriors
  A black bear (D:5)
  2 ice beasts
  4 wolves (D:11)
  3 ogres
  4 lemures (D:6)
  3 centaurs
  A phantom (D:6)
  19 kobold brigands
  A gnoll sergeant (D:8)
  3 bullfrogs
  A necrophage (D:5)
  3 scorpions (D:5)
  7 wights
  6 killer bees
  2 howler monkeys
  A hound (D:5)
  3 jellies
  6 orc priests
  2 gnoll boudas
  3 iguanas
  6 orc wizards
  9 adders
  10 gnolls
  A white imp (D:5)
  An ufetubus (D:5)
  3 worms
  A dart slug (D:1)
  48 orcs
  7 bats
  9 endoplasms
  3 giant cockroaches
  12 goblins
  5 hobgoblins
  7 jackals
  29 kobolds
  4 quokkas
  7 ball pythons
  A frilled lizard (D:1)
  6 rats
281 creatures vanquished.

Vanquished Creatures (others)
  43 plants (D:11)
43 creatures vanquished.

Grand Total: 324 creatures vanquished

Notes
Turn   | Place    | Note
-------+----------+-------------------------------------------
     0 | D:1      | qw the Minotaur Berserker began the quest for the Orb.
     0 | D:1      | Reached XP level 1. HP: 19/19 MP: 0/0
     0 | D:1      | 0 ||| qw: Version: 0.1-a-113-g051387a
     0 | D:1      | 0 ||| qw: Game counter: 7006
     0 | D:1      | 0 ||| qw: Always use a shield: true
     0 | D:1      | 0 ||| qw: Do Orc after D:15 true
     0 | D:1      | 0 ||| qw: Do second Lair branch before Depths: true
     0 | D:1      | 0 ||| qw: Lair rune preference: random
     0 | D:1      | 0 ||| qw: Plans: Normal
     0 | D:1      | 0 ||| PLANNING D:1-11
    50 | D:1      | 50 ||| Stepping ~*~*~tactically~*~*~ (hiding).
   121 | D:1      | Reached skill level 4 in Axes
   181 | D:1      | Reached XP level 2. HP: 14/26 MP: 1/1
   336 | D:1      | 336 ||| Stepping ~*~*~tactically~*~*~ (stealth).
   338 | D:1      | 338 ||| Stepping ~*~*~tactically~*~*~ (stealth).
   340 | D:1      | 340 ||| Stepping ~*~*~tactically~*~*~ (stealth).
   349 | D:1      | 349 ||| Stepping ~*~*~tactically~*~*~ (stealth).
   427 | D:1      | 427 ||| Stepping ~*~*~tactically~*~*~ (stealth).
   448 | D:1      | 448 ||| Stepping ~*~*~tactically~*~*~ (stealth).
   456 | D:1      | 456 ||| Stepping ~*~*~tactically~*~*~ (stealth).
   537 | D:1      | Reached skill level 5 in Axes
   541 | D:1      | Found a faded altar of an unknown god.
   687 | D:1      | 687 ||| DROPPING scarf of invisibility.
   688 | D:1      | 688 ||| DRINKING 2 murky puce potions.
   689 | D:1      | 689 ||| DRINKING 2 glowing grey potions.
   714 | D:2      | Reached XP level 3. HP: 31/31 MP: 2/2
   728 | D:2      | Reached ** piety under Trog
  1246 | D:2      | 1246 ||| UPGRADING to +2 pair of boots.
  1251 | D:2      | 1251 ||| UPGRADING to +0 leather armour.
  1261 | D:2      | 1261 ||| DROPPING +0 animal skin.
  1262 | D:2      | 1262 ||| READING scroll labelled CAEMIE NONI.
  1263 | D:2      | 1263 ||| DRINKING 2 fizzy blue potions.
  1679 | D:3      | Reached skill level 6 in Axes
  1679 | D:3      | Reached XP level 4. HP: 39/39 MP: 3/3
  1812 | D:3      | Identified the +0 helmet of Nihilism {Drain rElec Dex+2}
  2262 | D:3      | 2262 ||| UPGRADING to +1 cloak.
  2267 | D:3      | 2267 ||| READING scroll labelled WIK LEMNACUTIBB.
  2268 | D:3      | 2268 ||| DRINKING 2 fuming brown potions.
  2268 | D:3      | Gained mutation: You are weak. (Str -2) [potion of
                  | mutation]
  2268 | D:3      | Gained mutation: Armour fits poorly on your strangely
                  | shaped body. [potion of mutation]
  2269 | D:3      | 2269 ||| DRINKING potion of mutation.
  2269 | D:3      | Lost mutation: You are weak. (Str -2) [potion of mutation]
  2269 | D:3      | Lost mutation: Armour fits poorly on your strangely shaped
                  | body. [potion of mutation]
  2269 | D:3      | Gained mutation: You have a beak for a mouth. [potion of
                  | mutation]
  2269 | D:3      | Gained mutation: You are agile. (Dex +4, Str/Int -1)
                  | [potion of mutation]
  2269 | D:3      | Gained mutation: You occasionally lose the ability to read
                  | scrolls when taking damage. [potion of mutation]
  2270 | D:3      | 2270 ||| DRINKING 2 coppery potions.
  2271 | D:3      | 2271 ||| DRINKING 2 fuming grey potions.
  2298 | D:3      | 2298 ||| DROPPING potion of flight.
  2299 | D:3      | 2299 ||| DROPPING potion of lignification.
  2317 | D:4      | 2317 ||| Stepping ~*~*~tactically~*~*~ (stealth).
  2317 | D:4      | Noticed an ogre
  2325 | D:4      | 2325 ||| INVOKING Berserk.
  2331 | D:4      | Killed an ogre
  2332 | D:4      | Reached skill level 7 in Axes
  2332 | D:4      | Reached XP level 5. HP: 40/45 MP: 4/4
  2668 | D:4      | 2668 ||| Stepping ~*~*~tactically~*~*~ (stealth).
  2670 | D:4      | 2670 ||| Stepping ~*~*~tactically~*~*~ (stealth).
  2805 | D:4      | 2805 ||| SWAPPING to +0 war axe.
  2810 | D:4      | 2810 ||| DROPPING +0 hand axe.
  3113 | D:4      | Found a hazy altar of Hepliaklqana.
  3115 | D:4      | 3115 ||| INVOKING Berserk.
  3222 | D:4      | 3222 ||| UPGRADING to +0 scale mail.
  3232 | D:4      | 3232 ||| DROPPING +0 leather armour.
  3233 | D:4      | 3233 ||| UPGRADING to +0 pair of gloves.
  3238 | D:4      | 3238 ||| UPGRADING to ring of poison resistance.
  3239 | D:4      | 3239 ||| READING 2 scrolls labelled JUURHYU YGGE.
  3240 | D:4      | 3240 ||| READING scroll labelled ZUWINAT HIRI.
  3241 | D:4      | 3241 ||| READING scroll labelled BERAINW LIOL.
  3246 | D:4      | 3246 ||| DRINKING 2 sapphire potions.
  3246 | D:4      | Lost intelligence.
  3250 | D:4      | 3250 ||| DRINKING 2 golden potions.
  3251 | D:4      | 3251 ||| DROPPING potion of degeneration.
  3252 | D:4      | 3252 ||| DROPPING potion of attraction.
  3288 | D:5      | Entered Level 5 of the Dungeon
  3339 | D:5      | 3339 ||| Stepping ~*~*~tactically~*~*~ (stealth).
  3346 | D:5      | 3346 ||| FLEEEEING.
  3349 | D:5      | 3349 ||| Stepping ~*~*~tactically~*~*~ (stealth).
  3701 | D:5      | Reached skill level 8 in Axes
  3701 | D:5      | Reached XP level 6. HP: 52/52 MP: 5/5
  3715 | D:5      | Noticed a water moccasin
  3716 | D:5      | 3716 ||| UPGRADING to +0 chain mail.
  3717 | D:5      | 3717 ||| UPGRADING to +0 chain mail.
  3720 | D:5      | 3720 ||| UPGRADING to +0 chain mail.
  3730 | D:5      | 3730 ||| DROPPING +0 scale mail.
  3731 | D:5      | 3731 ||| Stepping randomly (stuck).
  3733 | D:5      | 3733 ||| Stepping randomly (stuck).
  3734 | D:5      | 3734 ||| Stepping randomly (stuck).
  3735 | D:5      | 3735 ||| Stepping randomly (stuck).
  3736 | D:5      | 3736 ||| Stepping randomly (stuck).
  3737 | D:5      | 3737 ||| Stepping randomly (stuck).
  3738 | D:5      | 3738 ||| Stepping randomly (stuck).
  3739 | D:5      | 3739 ||| Stepping randomly (stuck).
  3740 | D:5      | 3740 ||| Stepping randomly (stuck).
  3741 | D:5      | 3741 ||| Stepping randomly (stuck).
  3742 | D:5      | 3742 ||| Stepping randomly (stuck).
  3743 | D:5      | 3743 ||| Stepping randomly (stuck).
  3744 | D:5      | 3744 ||| Stepping randomly (stuck).
  3745 | D:5      | 3745 ||| Stepping randomly (stuck).
  3746 | D:5      | 3746 ||| Stepping randomly (stuck).
  3747 | D:5      | 3747 ||| Stepping randomly (stuck).
  3748 | D:5      | 3748 ||| Stepping randomly (stuck).
  3749 | D:5      | 3749 ||| Stepping randomly (stuck).
  3750 | D:5      | 3750 ||| Stepping randomly (stuck).
  3751 | D:5      | 3751 ||| Stepping randomly (stuck).
  3752 | D:5      | 3752 ||| Stepping randomly (stuck).
  3753 | D:5      | 3753 ||| Stepping randomly (stuck).
  3754 | D:5      | 3754 ||| Stepping randomly (stuck).
  3755 | D:5      | 3755 ||| Stepping randomly (stuck).
  3756 | D:5      | 3756 ||| Stepping randomly (stuck).
  3757 | D:5      | 3757 ||| Stepping randomly (stuck).
  3758 | D:5      | 3758 ||| Stepping randomly (stuck).
  3759 | D:5      | 3759 ||| Stepping randomly (stuck).
  3760 | D:5      | 3760 ||| Stepping randomly (stuck).
  3761 | D:5      | 3761 ||| Stepping randomly (stuck).
  3762 | D:5      | 3762 ||| Stepping randomly (stuck).
  3763 | D:5      | 3763 ||| Stepping randomly (stuck).
  3764 | D:5      | 3764 ||| Stepping randomly (stuck).
  3765 | D:5      | 3765 ||| Stepping randomly (stuck).
  3766 | D:5      | 3766 ||| Stepping randomly (stuck).
  3767 | D:5      | 3767 ||| Stepping randomly (stuck).
  3768 | D:5      | 3768 ||| Stepping randomly (stuck).
  3769 | D:5      | 3769 ||| Stepping randomly (stuck).
  3770 | D:5      | 3770 ||| Stepping randomly (stuck).
  3771 | D:5      | 3771 ||| Stepping randomly (stuck).
  3772 | D:5      | 3772 ||| Stepping randomly (stuck).
  3773 | D:5      | 3773 ||| Stepping randomly (stuck).
  3774 | D:5      | 3774 ||| Stepping randomly (stuck).
  3775 | D:5      | 3775 ||| Stepping randomly (stuck).
  3776 | D:5      | 3776 ||| Stepping randomly (stuck).
  3777 | D:5      | 3777 ||| Stepping randomly (stuck).
  3795 | D:5      | 3795 ||| Stepping ~*~*~tactically~*~*~ (stealth).
  3805 | D:5      | Reached skill level 3 in Armour
  3859 | D:5      | 3859 ||| INVOKING Berserk.
  3889 | D:5      | 3889 ||| FLEEEEING.
  3890 | D:5      | 3890 ||| FLEEEEING.
  3908 | D:5      | Reached *** piety under Trog
  3911 | D:5      | 3911 ||| READING 2 scrolls labelled BIOJUPRIYL.
  3911 | D:5      | Identified 2 scrolls of acquirement
  3911 | D:5      | 3911 ||| ACQUIRING +0 hat of the Lich-sworn {+Inv SInv}
  3911 | D:5      | Acquired the +0 hat of the Lich-sworn {+Inv SInv}
  3912 | D:5      | 3912 ||| READING scroll of acquirement.
  3912 | D:5      | 3912 ||| ACQUIRING +2 crystal plate armour
  3912 | D:5      | Acquired a +2 crystal plate armour
  3913 | D:5      | 3913 ||| READING scroll labelled OKOEKHL CARA.
  3914 | D:5      | 3914 ||| Stepping randomly (stuck).
  3915 | D:5      | 3915 ||| Stepping randomly (stuck).
  3916 | D:5      | 3916 ||| Stepping randomly (stuck).
  3917 | D:5      | 3917 ||| Stepping randomly (stuck).
  3918 | D:5      | 3918 ||| Stepping randomly (stuck).
  3919 | D:5      | 3919 ||| Stepping randomly (stuck).
  3923 | D:5      | Noticed a water moccasin
  3940 | D:5      | 3940 ||| Stepping randomly (stuck).
  3941 | D:5      | 3941 ||| Stepping randomly (stuck).
  3942 | D:5      | 3942 ||| Stepping randomly (stuck).
  3943 | D:5      | 3943 ||| Stepping randomly (stuck).
  3944 | D:5      | 3944 ||| Stepping randomly (stuck).
  3945 | D:5      | 3945 ||| Stepping randomly (stuck).
  3946 | D:5      | 3946 ||| Stepping randomly (stuck).
  3947 | D:5      | 3947 ||| Stepping randomly (stuck).
  3948 | D:5      | 3948 ||| Stepping randomly (stuck).
  3949 | D:5      | 3949 ||| Stepping randomly (stuck).
  3950 | D:5      | 3950 ||| Stepping randomly (stuck).
  3951 | D:5      | 3951 ||| Stepping randomly (stuck).
  3952 | D:5      | 3952 ||| Stepping randomly (stuck).
  3953 | D:5      | 3953 ||| Stepping randomly (stuck).
  3954 | D:5      | 3954 ||| Stepping randomly (stuck).
  3955 | D:5      | 3955 ||| Stepping randomly (stuck).
  3956 | D:5      | 3956 ||| Stepping randomly (stuck).
  3957 | D:5      | 3957 ||| Stepping randomly (stuck).
  3958 | D:5      | 3958 ||| Stepping randomly (stuck).
  3959 | D:5      | 3959 ||| Stepping randomly (stuck).
  3960 | D:5      | 3960 ||| Stepping randomly (stuck).
  3961 | D:5      | 3961 ||| Stepping randomly (stuck).
  3962 | D:5      | 3962 ||| Stepping randomly (stuck).
  3963 | D:5      | 3963 ||| Stepping randomly (stuck).
  3964 | D:5      | 3964 ||| Stepping randomly (stuck).
  3965 | D:5      | 3965 ||| Stepping randomly (stuck).
  3966 | D:5      | 3966 ||| Stepping randomly (stuck).
  3967 | D:5      | 3967 ||| Stepping randomly (stuck).
  3968 | D:5      | 3968 ||| Stepping randomly (stuck).
  3969 | D:5      | 3969 ||| Stepping randomly (stuck).
  3970 | D:5      | 3970 ||| Stepping randomly (stuck).
  3971 | D:5      | 3971 ||| Stepping randomly (stuck).
  3972 | D:5      | 3972 ||| Stepping randomly (stuck).
  3973 | D:5      | 3973 ||| Stepping randomly (stuck).
  3974 | D:5      | 3974 ||| Stepping randomly (stuck).
  3975 | D:5      | 3975 ||| Stepping randomly (stuck).
  3976 | D:5      | 3976 ||| Stepping randomly (stuck).
  3977 | D:5      | 3977 ||| Stepping randomly (stuck).
  3978 | D:5      | 3978 ||| Stepping randomly (stuck).
  3979 | D:5      | 3979 ||| Stepping randomly (stuck).
  3980 | D:5      | 3980 ||| Stepping randomly (stuck).
  3981 | D:5      | 3981 ||| Stepping randomly (stuck).
  3982 | D:5      | 3982 ||| Stepping randomly (stuck).
  3983 | D:5      | 3983 ||| Stepping randomly (stuck).
  3984 | D:5      | 3984 ||| Stepping randomly (stuck).
  3985 | D:5      | 3985 ||| Stepping randomly (stuck).
  3986 | D:5      | 3986 ||| Stepping randomly (stuck).
  3987 | D:5      | 3987 ||| Stepping randomly (stuck).
  3988 | D:5      | 3988 ||| Stepping randomly (stuck).
  3991 | D:5      | 3991 ||| Stepping randomly (stuck).
  3992 | D:5      | 3992 ||| Stepping randomly (stuck).
  3993 | D:5      | 3993 ||| Stepping randomly (stuck).
  3995 | D:5      | 3995 ||| Stepping randomly (stuck).
  3996 | D:5      | 3996 ||| Stepping randomly (stuck).
  3998 | D:5      | 3998 ||| Stepping randomly (stuck).
  4000 | D:5      | 4000 ||| Stepping randomly (stuck).
  4001 | D:5      | 4001 ||| Stepping randomly (stuck).
  4002 | D:5      | 4002 ||| Stepping randomly (stuck).
  4003 | D:5      | 4003 ||| Stepping randomly (stuck).
  4004 | D:5      | 4004 ||| Stepping randomly (stuck).
  4005 | D:5      | 4005 ||| Stepping randomly (stuck).
  4006 | D:5      | 4006 ||| Stepping randomly (stuck).
  4007 | D:5      | 4007 ||| Stepping randomly (stuck).
  4008 | D:5      | 4008 ||| Stepping randomly (stuck).
  4009 | D:5      | 4009 ||| Stepping randomly (stuck).
  4011 | D:5      | 4011 ||| Stepping randomly (stuck).
  4012 | D:5      | 4012 ||| Stepping randomly (stuck).
  4013 | D:5      | 4013 ||| Stepping randomly (stuck).
  4014 | D:5      | 4014 ||| Stepping randomly (stuck).
  4016 | D:5      | 4016 ||| Stepping randomly (stuck).
  4017 | D:5      | 4017 ||| Stepping randomly (stuck).
  4018 | D:5      | 4018 ||| Stepping randomly (stuck).
  4020 | D:5      | 4020 ||| Stepping randomly (stuck).
  4021 | D:5      | 4021 ||| Stepping randomly (stuck).
  4023 | D:5      | 4023 ||| Stepping randomly (stuck).
  4024 | D:5      | 4024 ||| Stepping randomly (stuck).
  4025 | D:5      | 4025 ||| Stepping randomly (stuck).
  4026 | D:5      | 4026 ||| Stepping randomly (stuck).
  4027 | D:5      | 4027 ||| Stepping randomly (stuck).
  4029 | D:5      | 4029 ||| Stepping randomly (stuck).
  4030 | D:5      | 4030 ||| Stepping randomly (stuck).
  4031 | D:5      | 4031 ||| Stepping randomly (stuck).
  4032 | D:5      | 4032 ||| Stepping randomly (stuck).
  4033 | D:5      | 4033 ||| Stepping randomly (stuck).
  4034 | D:5      | 4034 ||| Stepping randomly (stuck).
  4035 | D:5      | 4035 ||| Stepping randomly (stuck).
  4036 | D:5      | 4036 ||| Stepping randomly (stuck).
  4037 | D:5      | 4037 ||| Stepping randomly (stuck).
  4038 | D:5      | 4038 ||| Stepping randomly (stuck).
  4039 | D:5      | 4039 ||| Stepping randomly (stuck).
  4040 | D:5      | 4040 ||| Stepping randomly (stuck).
  4041 | D:5      | 4041 ||| Stepping randomly (stuck).
  4042 | D:5      | 4042 ||| Stepping randomly (stuck).
  4043 | D:5      | 4043 ||| Stepping randomly (stuck).
  4044 | D:5      | 4044 ||| Stepping randomly (stuck).
  4045 | D:5      | 4045 ||| Stepping randomly (stuck).
  4046 | D:5      | 4046 ||| Stepping randomly (stuck).
  4047 | D:5      | 4047 ||| Stepping randomly (stuck).
  4048 | D:5      | 4048 ||| Stepping randomly (stuck).
  4049 | D:5      | 4049 ||| Stepping randomly (stuck).
  4050 | D:5      | 4050 ||| Stepping randomly (stuck).
  4051 | D:5      | 4051 ||| Stepping randomly (stuck).
  4052 | D:5      | 4052 ||| Stepping randomly (stuck).
  4054 | D:5      | 4054 ||| Stepping randomly (stuck).
  4055 | D:5      | 4055 ||| Stepping randomly (stuck).
  4056 | D:5      | 4056 ||| Stepping randomly (stuck).
  4057 | D:5      | 4057 ||| Stepping randomly (stuck).
  4058 | D:5      | 4058 ||| Stepping randomly (stuck).
  4059 | D:5      | 4059 ||| Stepping randomly (stuck).
  4060 | D:5      | 4060 ||| Stepping randomly (stuck).
  4061 | D:5      | 4061 ||| Stepping randomly (stuck).
  4062 | D:5      | 4062 ||| Stepping randomly (stuck).
  4063 | D:5      | 4063 ||| Stepping randomly (stuck).
  4064 | D:5      | 4064 ||| Stepping randomly (stuck).
  4065 | D:5      | 4065 ||| Stepping randomly (stuck).
  4066 | D:5      | 4066 ||| Stepping randomly (stuck).
  4067 | D:5      | 4067 ||| Stepping randomly (stuck).
  4068 | D:5      | 4068 ||| Stepping randomly (stuck).
  4069 | D:5      | 4069 ||| Stepping randomly (stuck).
  4070 | D:5      | 4070 ||| Stepping randomly (stuck).
  4071 | D:5      | 4071 ||| Stepping randomly (stuck).
  4072 | D:5      | 4072 ||| Stepping randomly (stuck).
  4073 | D:5      | 4073 ||| Stepping randomly (stuck).
  4074 | D:5      | 4074 ||| Stepping randomly (stuck).
  4075 | D:5      | 4075 ||| Stepping randomly (stuck).
  4076 | D:5      | 4076 ||| Stepping randomly (stuck).
  4077 | D:5      | 4077 ||| Stepping randomly (stuck).
  4078 | D:5      | 4078 ||| Stepping randomly (stuck).
  4079 | D:5      | 4079 ||| Stepping randomly (stuck).
  4080 | D:5      | 4080 ||| Stepping randomly (stuck).
  4081 | D:5      | 4081 ||| Stepping randomly (stuck).
  4082 | D:5      | 4082 ||| Stepping randomly (stuck).
  4083 | D:5      | 4083 ||| Stepping randomly (stuck).
  4084 | D:5      | 4084 ||| Stepping randomly (stuck).
  4085 | D:5      | 4085 ||| Stepping randomly (stuck).
  4087 | D:5      | 4087 ||| Stepping randomly (stuck).
  4088 | D:5      | 4088 ||| Stepping randomly (stuck).
  4089 | D:5      | 4089 ||| Stepping randomly (stuck).
  4090 | D:5      | 4090 ||| Stepping randomly (stuck).
  4091 | D:5      | 4091 ||| Stepping randomly (stuck).
  4092 | D:5      | 4092 ||| Stepping randomly (stuck).
  4093 | D:5      | 4093 ||| Stepping randomly (stuck).
  4094 | D:5      | 4094 ||| Stepping randomly (stuck).
  4095 | D:5      | 4095 ||| Stepping randomly (stuck).
  4096 | D:5      | 4096 ||| Stepping randomly (stuck).
  4097 | D:5      | 4097 ||| Stepping randomly (stuck).
  4098 | D:5      | 4098 ||| Stepping randomly (stuck).
  4099 | D:5      | 4099 ||| Stepping randomly (stuck).
  4100 | D:5      | 4100 ||| Stepping randomly (stuck).
  4101 | D:5      | 4101 ||| Stepping randomly (stuck).
  4102 | D:5      | 4102 ||| Stepping randomly (stuck).
  4103 | D:5      | 4103 ||| Stepping randomly (stuck).
  4104 | D:5      | 4104 ||| Stepping randomly (stuck).
  4105 | D:5      | 4105 ||| Stepping randomly (stuck).
  4106 | D:5      | 4106 ||| Stepping randomly (stuck).
  4107 | D:5      | 4107 ||| Stepping randomly (stuck).
  4109 | D:5      | 4109 ||| Stepping randomly (stuck).
  4111 | D:5      | 4111 ||| FLEEEEING.
  4112 | D:5      | 4112 ||| FLEEEEING.
  4113 | D:5      | 4113 ||| FLEEEEING.
  4114 | D:5      | 4114 ||| FLEEEEING.
  4115 | D:5      | 4115 ||| FLEEEEING.
  4116 | D:5      | 4116 ||| FLEEEEING.
  4119 | D:5      | 4119 ||| INVOKING Berserk.
  4262 | D:5      | Killed a water moccasin
  4263 | D:5      | Reached skill level 9 in Axes
  4264 | D:5      | Reached XP level 7. HP: 35/60 MP: 6/6
  4391 | D:5      | 4391 ||| UPGRADING to +2 crystal plate armour.
  4401 | D:5      | 4401 ||| UPGRADING to +0 hat of the Lich-sworn {+Inv SInv}.
  4406 | D:5      | 4406 ||| DROPPING +0 chain mail.
  4407 | D:5      | 4407 ||| Stepping randomly (stuck).
  4435 | D:5      | 4435 ||| INVOKING Berserk.
  4444 | D:5      | Reached skill level 6 in Armour
  4531 | D:5      | 4531 ||| Stepping ~*~*~tactically~*~*~ (stealth).
  4619 | D:5      | 4619 ||| INVOKING Berserk.
  4622 | D:5      | Reached XP level 8. HP: 69/69 MP: 7/7
  4641 | D:5      | 4641 ||| FLEEEEING.
  4766 | D:5      | 4766 ||| Stepping ~*~*~tactically~*~*~ (stealth).
  4767 | D:5      | 4767 ||| Stepping ~*~*~tactically~*~*~ (stealth).
  4785 | D:5      | Reached skill level 10 in Axes
  4786 | D:5      | 4786 ||| DRINKING 2 potions of curing.
  4786 | D:5      | 4786 ||| (to cure confusion)
  5198 | D:6      | Reached skill level 6 in Fighting
  5202 | D:6      | Found a staircase to the Ecumenical Temple.
  5212 | D:6      | 5212 ||| Stepping ~*~*~tactically~*~*~ (stealth).
  5213 | D:6      | 5213 ||| Stepping ~*~*~tactically~*~*~ (stealth).
  5257 | D:6      | 5257 ||| Stepping ~*~*~tactically~*~*~ (stealth).
  5258 | D:6      | 5258 ||| Stepping ~*~*~tactically~*~*~ (stealth).
  5309 | D:6      | 5309 ||| Stepping ~*~*~tactically~*~*~ (stealth).
  5310 | D:6      | 5310 ||| Stepping ~*~*~tactically~*~*~ (stealth).
  5340 | D:6      | 5340 ||| Stepping ~*~*~tactically~*~*~ (stealth).
  5341 | D:6      | 5341 ||| Stepping ~*~*~tactically~*~*~ (stealth).
  5342 | D:6      | 5342 ||| Stepping ~*~*~tactically~*~*~ (stealth).
  5343 | D:6      | 5343 ||| Stepping ~*~*~tactically~*~*~ (stealth).
  5410 | D:6      | 5410 ||| DROPPING +0 mace.
  5427 | D:6      | 5427 ||| Stepping ~*~*~tactically~*~*~ (hiding).
  5434 | D:6      | 5434 ||| Stepping ~*~*~tactically~*~*~ (hiding).
  5436 | D:6      | 5436 ||| Stepping ~*~*~tactically~*~*~ (hiding).
  5447 | D:6      | 5447 ||| INVOKING Berserk.
  5458 | D:6      | Noticed Pikel
  5460 | D:6      | Reached skill level 11 in Axes
  5472 | D:6      | Killed Pikel
  5473 | D:6      | Reached skill level 9 in Armour
  5473 | D:6      | Reached XP level 9. HP: 67/75 MP: 8/8
  5613 | D:6      | Found a basalt altar of Yredelemnul.
  5615 | D:6      | Noticed a profane servitor
  5624 | D:6      | Found a glowing golden altar of the Shining One.
  5627 | D:6      | 5627 ||| INVOKING Berserk.
  5735 | D:6      | Noticed an angel
  5840 | D:6      | Found a runed translucent door.
  5841 | D:6      | Noticed Crazy Yiuf
  5906 | D:6      | 5906 ||| READING 2 scrolls of identify.
  5906 | D:6      | 5906 ||| IDENTIFYING fuming inky potion
  5907 | D:6      | 5907 ||| DROPPING potion of brilliance.
  5945 | D:7      | 5945 ||| INVOKING Berserk.
  5952 | D:7      | 5952 ||| STAIRDANCE
  6338 | D:7      | 6338 ||| INVOKING Berserk.
  6469 | D:7      | Reached skill level 12 in Axes
  6488 | D:7      | 6488 ||| Stepping ~*~*~tactically~*~*~ (stealth).
  6501 | D:7      | 6501 ||| Stepping ~*~*~tactically~*~*~ (stealth).
  6524 | D:7      | 6524 ||| Stepping ~*~*~tactically~*~*~ (stealth).
  6802 | D:7      | Found a broken altar of Ashenzari.
  6807 | D:7      | 6807 ||| READING scroll labelled COOG MOLIMMAU.
  6842 | D:7      | 6842 ||| INVOKING Berserk.
  7011 | D:7      | 7011 ||| Stepping ~*~*~tactically~*~*~ (hiding).
  7014 | D:7      | 7014 ||| INVOKING Berserk.
  7309 | D:7      | 7309 ||| READING 2 scrolls of identify.
  7309 | D:7      | 7309 ||| IDENTIFYING red potion
  7310 | D:7      | 7310 ||| DROPPING potion of magic.
  7365 | D:8      | 7365 ||| FLEEEEING.
  7366 | D:8      | 7366 ||| FLEEEEING.
  7367 | D:8      | 7367 ||| FLEEEEING.
  7368 | D:8      | 7368 ||| STAIRDANCE
  7471 | D:8      | 7471 ||| STAIRDANCE
  7520 | D:8      | 7520 ||| STAIRDANCE
  7576 | D:8      | 7576 ||| DROPPING +0 flail.
  7601 | D:8      | 7601 ||| Stepping ~*~*~tactically~*~*~ (hiding).
  7604 | D:8      | 7604 ||| INVOKING Berserk.
  7609 | D:8      | Reached skill level 13 in Axes
  7937 | D:8      | Found a stormy altar of Qazlal.
  8174 | D:8      | 8174 ||| Stepping ~*~*~tactically~*~*~ (hiding).
  8175 | D:8      | 8175 ||| Stepping ~*~*~tactically~*~*~ (hiding).
  8480 | D:8      | 8480 ||| UPGRADING to +6 ring of intelligence.
  8481 | D:8      | 8481 ||| READING scroll labelled RIANWU YTUFI.
  8512 | D:9      | Noticed a troll
  8513 | D:9      | 8513 ||| INVOKING Berserk.
  8517 | D:9      | Killed a troll
  8518 | D:9      | 8518 ||| STAIRDANCE
  8604 | D:9      | 8604 ||| Stepping ~*~*~tactically~*~*~ (stealth).
  8879 | D:9      | You fall into a shaft and drop 1 floor!
  8879 | D:10     | Entered Level 10 of the Dungeon
  8898 | D:10     | Reached XP level 10. HP: 80/88 MP: 9/9
  8965 | D:10     | 8965 ||| INVOKING Berserk.
  9172 | D:10     | Noticed Urug
  9173 | D:10     | 9173 ||| Stepping ~*~*~tactically~*~*~ (hiding).
  9179 | D:10     | 9179 ||| INVOKING Berserk.
  9186 | D:10     | Killed Urug
  9187 | D:10     | Reached skill level 14 in Axes
  9391 | D:10     | 9391 ||| READING 3 scrolls of identify.
  9391 | D:10     | 9391 ||| IDENTIFYING smoky red potion
  9400 | D:9      | Noticed a two-headed ogre
  9401 | D:9      | 9401 ||| INVOKING Berserk.
  9405 | D:9      | Killed a two-headed ogre
  9461 | D:9      | 9461 ||| INVOKING Berserk.
  9473 | D:9      | Reached skill level 3 in Dodging
  9500 | D:9      | Reached **** piety under Trog
  9535 | D:9      | 9535 ||| Stepping ~*~*~tactically~*~*~ (hiding).
  9742 | D:9      | 9742 ||| Stepping ~*~*~tactically~*~*~ (stealth).
  9747 | D:9      | 9747 ||| Stepping ~*~*~tactically~*~*~ (stealth).
  9771 | D:9      | Found a staircase to the Orcish Mines.
  9900 | D:9      | 9900 ||| INVOKING Berserk.
  9903 | D:9      | Reached skill level 1 in Throwing
 10149 | D:10     | Found Narich's Magic Scroll Shop.
 10156 | D:10     | 10156 ||| BUYING scroll of enchant armour (90 gold).
 10156 | D:10     | Bought a scroll of enchant armour for 90 gold pieces
 10156 | D:10     | 10156 ||| BUYING scroll of identify (24 gold).
 10156 | D:10     | Bought a scroll of identify for 24 gold pieces
 10156 | D:10     | 10156 ||| BUYING scroll of identify (24 gold).
 10156 | D:10     | Bought a scroll of identify for 24 gold pieces
 10156 | D:10     | 10156 ||| READING scroll of enchant armour.
 10156 | D:10     | 10156 ||| ENCHANTING +2 crystal plate armour.
 10220 | D:10     | 10220 ||| INVOKING Berserk.
 10404 | D:10     | Reached skill level 15 in Axes
 10408 | D:10     | 10408 ||| Stepping ~*~*~tactically~*~*~ (stealth).
 10412 | D:10     | 10412 ||| Stepping ~*~*~tactically~*~*~ (stealth).
 10413 | D:10     | 10413 ||| Stepping ~*~*~tactically~*~*~ (stealth).
 10719 | D:11     | Noticed a gargoyle
 10731 | D:11     | 10731 ||| INVOKING Berserk.
 10733 | D:11     | Killed a gargoyle
 10734 | D:11     | Reached skill level 3 in Throwing
 11010 | D:11     | 11010 ||| DRINKING 2 dark potions.
 11011 | D:11     | 11011 ||| DROPPING potion of invisibility.
 11012 | D:11     | 11012 ||| Stepping randomly (stuck).
 11013 | D:11     | 11013 ||| Stepping randomly (stuck).
 11014 | D:11     | 11014 ||| Stepping randomly (stuck).
 11060 | D:11     | 11060 ||| READING scroll of enchant armour.
 11060 | D:11     | 11060 ||| ENCHANTING +3 crystal plate armour.
 11064 | D:11     | Noticed a four-headed hydra
 11065 | D:11     | 11065 ||| INVOKING Brothers in Arms.
 11066 | D:11     | 11066 ||| INVOKING Brothers in Arms.
 11067 | D:11     | 11067 ||| SWAPPING to +4 morningstar of freezing.
 11068 | D:11     | 11068 ||| INVOKING Berserk.
 11070 | D:11     | Killed a four-headed hydra
 11071 | D:11     | Reached skill level 9 in Fighting
 11071 | D:11     | Reached XP level 11. HP: 97/97 MP: 10/10
 11074 | D:11     | 11074 ||| SWAPPING to +1 war axe.
 11186 | D:11     | Noticed Grum
 11187 | D:11     | 11187 ||| Stepping ~*~*~tactically~*~*~ (hiding).
 11194 | D:11     | 11194 ||| INVOKING Berserk.
 11210 | D:11     | Killed Grum
 11217 | D:11     | 11217 ||| Stepping ~*~*~tactically~*~*~ (stealth).
 11224 | D:11     | 11224 ||| Stepping ~*~*~tactically~*~*~ (stealth).
 11361 | D:11     | Noticed a boulder beetle
 11413 | D:11     | 11413 ||| INVOKING Berserk.
 11655 | D:11     | Found a staircase to the Lair.
 11737 | D:11     | 11737 ||| Stepping ~*~*~tactically~*~*~ (stealth).
 11759 | D:11     | 11759 ||| Stepping ~*~*~tactically~*~*~ (stealth).
 11771 | D:11     | Reached skill level 16 in Axes
 11969 | D:11     | Found a portal to a secret trove of treasure.
 11995 | D:11     | 11995 ||| INVOKING Berserk.
 12059 | D:11     | Noticed a cyan ugly thing
 12062 | D:11     | 12062 ||| INVOKING Berserk.
 12067 | D:11     | Killed a cyan ugly thing
 12216 | D:11     | Noticed a boulder beetle
 12217 | D:11     | 12217 ||| INVOKING Berserk.
 12224 | D:11     | Killed a boulder beetle
 12225 | D:11     | Reached skill level 12 in Armour
 12353 | D:11     | 12353 ||| INVOKING Berserk.
 12483 | D:11     | 12483 ||| INVOKING Berserk.
 12513 | D:11     | Slain by a boulder beetle

Levels and vault maps discovered:
D:1:      scummos_arrival_star, layout_basic, ebering_ecumenical_altar_petrified
D:2:      layout_rooms, kennysheep_generic_room_5
D:3:      layout_basic, grunt_decor_clamped, minmay_between
D:4:      layout_basic, nicolae_hepliaklqana_hippocampus, st_stairs_10
D:5:      kennysheep_windowed_halls, layout_loops_ring, minmay_misc_feat_square
D:6:      layout_rooms, grunt_temple_overflow_holy_war,
          minmay_temple_entry_arrows, uniq_crazy_yiuf_cottage, uniq_pikel
D:7:      layout_loops_corners, lemuel_doored_altar, kennysheep_small_circle
D:8:      layout_layer_cave, nicolae_qazlal_eye_of_the_storm
D:9:      layout_loops_ring, hiddenorc2_lemuel
D:10:     layout_long_grid, serial_shops, shop, enter_bailey_5, uniq_urug
D:11:     layout_loops_corners, david_lair_shrubbed, special_room
          [special_room_kobold], nicolae_trove_entry_free_sample,
          hangedman_glass_teeth, minivault_4, chequers_avenue,
          grunt_ministairs_14, uniq_grum

Skill      XL: |  1  2  3  4  5  6  7  8  9 10 11 |
---------------+----------------------------------+-----
Axes           | 4 5 6 7 8 9 11 13 15 16 | 16.0
Fighting       | 4 5 6 8 9 10 | 10.0
Armour         | 3 6 9 10 12 | 12.2
Dodging        | 3 |  3.6
Throwing       | 3 4 |  4.1

Action                   |  1- 3 |  4- 6 |  7- 9 | 10-12 || total
-------------------------+-------+-------+-------+-------++-------
Melee: Hand axe          |    82 |    56 |       |       ||   138
       Headbutt          |    13 |    14 |    38 |    59 ||   124
       Peck              |       |    15 |    40 |    60 ||   115
       War axe           |       |    64 |   240 |   267 ||   571
       Punch             |       |       |     5 |     6 ||    11
       Morningstar       |       |       |       |     2 ||     2
Throw: Boomerang         |       |       |       |    49 ||    49
       Javelin           |       |       |       |    22 ||    22
Invok: Berserk           |       |     4 |    10 |    15 ||    29
       Brothers in Arms  |       |       |       |     1 ||     1
  Use: Potion            |     3 |     6 |     1 |     1 ||    11
       Scroll            |     1 |     7 |     4 |     3 ||    15
Armor: Animal skin       |    11 |       |       |       ||    11
       Leather armour    |     2 |    16 |       |       ||    18
       Scale mail        |       |     9 |       |       ||     9
       Chain mail        |       |    37 |     1 |       ||    38
       Crystal plate arm |       |       |   212 |   130 ||   342
Dodge: Dodged            |    28 |    74 |    58 |    60 ||   220

Table legend:
 A = Non-vault XP
 B = Vault XP
 C = Vault XP percentage of total XP
 D = Non-vault monster count
 E = Vault monster count
 F = Vault count percentage of total count
                 A         B        C        D         E       F
            +---------+---------+-------+---------+---------+-------
      Total |   12138 |    6947 |  36.4 |     185 |      92 |  33.2
            +---------+---------+-------+---------+---------+-------
        D:1 |      40 |       0 |   0.0 |      22 |       0 |   0.0
        D:2 |      26 |      18 |  40.9 |       9 |       3 |  25.0
        D:3 |      27 |       6 |  18.2 |      15 |       3 |  16.7
        D:4 |     213 |       4 |   1.8 |      15 |       3 |  16.7
        D:5 |     387 |    1155 |  74.9 |      15 |      20 |  57.1
        D:6 |     615 |     673 |  52.3 |      16 |       1 |   5.9
        D:7 |     896 |     133 |  12.9 |      27 |       1 |   3.6
        D:8 |     721 |       0 |   0.0 |      10 |       0 |   0.0
        D:9 |    1441 |     442 |  23.5 |      10 |      31 |  75.6
       D:10 |    2466 |     800 |  24.5 |      24 |       5 |  17.2
       D:11 |    5306 |    3716 |  41.2 |      22 |      25 |  53.2
            +---------+---------+-------+---------+---------+-------
